SNL (28 & UNDER)
MONTGOMERY BISCUITS @ WICHITA WRANGLERS
07/31/2023
 
TOP OF THE 1ST
Montgomery Biscuits batting - Pitching for Wichita Wranglers : LHP Austin Huntington
Pitching: LHP Austin Huntington
Batting: RHB Gabriel Miranda 0-0: Called Strike
0-1: Ball
1-1: Ball
2-1: Foul Ball, location: 2F
2-2: Ground out 6-3 (Groundball, 6)
Batting: LHB John Haney 0-0: Ground out 4-3 (Groundball, 4)
Batting: SHB Andrew Curran 0-0: Ball
1-0: Called Strike
1-1: Ball
2-1: Ball
3-1: Called Strike
3-2: Foul Ball, location: 2F
3-2: Base on Balls
Batting: LHB José Flores 0-0: Ball
1-0: Ball
2-0: Called Strike
2-1: Ball
3-1: Fly out, F4 (Line Drive, 4)
Top of the 1st over - 0 run(s), 0 hit(s), 0 error(s), 1 left on base; Montgomery 0 - Wichita 0
BOTTOM OF THE 1ST
Wichita Wranglers batting - Pitching for Montgomery Biscuits : RHP Mitch Brown
Pitching: RHP Mitch Brown
Batting: SHB Martín Medina 0-0: Foul Ball, location: 2F
0-1: SINGLE (Groundball, 5D)
Batting: RHB António Gonzáles 0-0: Ball
1-0: Ball
2-0: Called Strike
2-1: Ball
3-1: Base on Balls
Martín Medina to second
Batting: RHB Gustavo Díaz 0-0: Ball
1-0: Ball
2-0: Grounds into double play, 6-4-3 (Groundball, 6D)
Martín Medina to third
Batting: RHB Bob Hall 0-0: Ball
1-0: Ball
2-0: Ball
3-0: Called Strike
3-1: Base on Balls
Batting: RHB George Clark 0-0: Ball
1-0: Ball
2-0: Ball
3-0: Called Strike
3-1: Called Strike
3-2: Foul Ball, location: 2F
3-2: Base on Balls
Bob Hall to second
Batting: LHB Mario Cornelo 0-0: SINGLE (Groundball, 4MD)
Martín Medina scores
Bob Hall to third
George Clark to second
Runner from 3rd tries for Home, SAFE, no throw or cutoff
Batting: RHB Felipe Rivas 0-0: Called Strike
0-1: Ball
1-1: Ball
2-1: Fly out, F6 (Popup, 56D)
Bottom of the 1st over - 2 run(s), 2 hit(s), 0 error(s), 2 left on base; Montgomery 0 - Wichita 2
TOP OF THE 2ND
Montgomery Biscuits batting - Pitching for Wichita Wranglers : LHP Austin Huntington
Batting: RHB Jean-Paul St-Pierre 0-0: Called Strike
0-1: Swinging Strike
0-2: Strikes out swinging
Batting: RHB Dave Dawson 0-0: SOLO HOME RUN (Flyball, 7D), Distance : 357 ft
Batting: RHB Vicente Carona 0-0: Ball
1-0: SINGLE (Groundball, 6)
Batting: RHB Larry Mitchell 0-0: Ball
1-0: Called Strike
1-1: Ball
2-1: Foul Ball, location: 2F
2-2: Strikes out swinging
Batting: RHB Pete Smith Pickoff Throw to First - Out!
Top of the 2nd over - 1 run(s), 2 hit(s), 0 error(s), 0 left on base; Montgomery 1 - Wichita 2
BOTTOM OF THE 2ND
Wichita Wranglers batting - Pitching for Montgomery Biscuits : RHP Mitch Brown
Batting: RHB Andrés Lara 0-0: Foul Ball, location: 2F
0-1: Foul Ball, location: 2F
0-2: Ground out 6-3 (Groundball, 6)
Batting: RHB Dave Henderson 0-0: Ball
1-0: Called Strike
1-1: Foul Ball, location: 2F
1-2: Ground out 1-3 (Groundball, 13S)
Batting: SHB Martín Medina 0-0: Ball
1-0: Foul Ball, location: 2F
1-1: Ball
2-1: Bunt for hit - play at first, batter OUT! 2-3
Bottom of the 2nd over - 0 run(s), 0 hit(s), 0 error(s), 0 left on base; Montgomery 1 - Wichita 2
TOP OF THE 3RD
Montgomery Biscuits batting - Pitching for Wichita Wranglers : LHP Austin Huntington
Batting: RHB Pete Smith 0-0: Ball
1-0: Ball
2-0: Ball
3-0: Called Strike
3-1: Base on Balls
Batting: RHB Gabriel Miranda 0-0: Ball
1-0: Called Strike
1-1: Ball
2-1: Ball
3-1: TRIPLE (Line Drive, 9LS)
Pete Smith scores
Batting: LHB John Haney 0-0: Called Strike
0-1: Ball
1-1: Foul Ball, location: 2F
1-2: Ball
2-2: Ball
3-2: SINGLE (Groundball, 15S) (infield hit)
Batting: SHB Andrew Curran 0-0: Ball
John Haney is caught stealing 2nd base
1-0: Foul Ball, location: 2F
1-1: Called Strike
1-2: Fly out, F8 (Flyball, 8LM)
Runner from 3rd tags up, SCORES, throw made
Batting: LHB José Flores 0-0: Ground out U3 (Groundball, 3L)
Top of the 3rd over - 2 run(s), 2 hit(s), 0 error(s), 0 left on base; Montgomery 3 - Wichita 2
BOTTOM OF THE 3RD
Wichita Wranglers batting - Pitching for Montgomery Biscuits : RHP Mitch Brown
Batting: RHB António Gonzáles 0-0: Ball
1-0: SOLO HOME RUN (Flyball, 7D), Distance : 366 ft
Batting: RHB Gustavo Díaz 0-0: Ball
1-0: Called Strike
1-1: Foul Ball, location: 2F
1-2: Foul Ball, location: 2F
1-2: Strikes out swinging
Batting: RHB Bob Hall 0-0: Ball
1-0: Called Strike
1-1: Foul Ball, location: 2F
1-2: Strikes out looking
Batting: RHB George Clark 0-0: Called Strike
0-1: Ball
1-1: Foul Ball, location: 2F
1-2: Foul Ball, location: 2F
1-2: Strikes out looking
Bottom of the 3rd over - 1 run(s), 1 hit(s), 0 error(s), 0 left on base; Montgomery 3 - Wichita 3
TOP OF THE 4TH
Montgomery Biscuits batting - Pitching for Wichita Wranglers : LHP Austin Huntington
Batting: RHB Jean-Paul St-Pierre 0-0: Ball
1-0: Ball
2-0: Ball
3-0: Called Strike
3-1: Foul Ball, location: 2F
3-2: SINGLE (Line Drive, 7LS)
Batting: RHB Dave Dawson 0-0: Ball
1-0: Ball
2-0: Foul Ball, location: 2F
2-1: Foul Ball, location: 2F
2-2: Strikes out looking
Batting: RHB Vicente Carona 0-0: Ball
1-0: Called Strike
1-1: Ball
2-1: Ball
3-1: Base on Balls
Jean-Paul St-Pierre to second
Batting: RHB Larry Mitchell 0-0: Ball
1-0: Called Strike
1-1: SINGLE (Line Drive, 56D)
Jean-Paul St-Pierre to third
Vicente Carona to second
Batting: RHB Pete Smith 0-0: Ball
1-0: Ball
2-0: Called Strike
2-1: Ball
3-1: SINGLE (Groundball, 4M)
Jean-Paul St-Pierre scores
Vicente Carona to third
Larry Mitchell to second
Runner from 3rd tries for Home, throw and OUT!
Batting: RHB Gabriel Miranda 0-0: Called Strike
0-1: Fielders Choice at 2nd, U6 (Groundball, 6M)
Top of the 4th over - 1 run(s), 3 hit(s), 0 error(s), 2 left on base; Montgomery 4 - Wichita 3
BOTTOM OF THE 4TH
Wichita Wranglers batting - Pitching for Montgomery Biscuits : RHP Mitch Brown
Batting: LHB Mario Cornelo 0-0: Fly out, F2 (Popup, 2LF)
Batting: RHB Felipe Rivas 0-0: Ball
1-0: Called Strike
1-1: Foul Ball, location: 2F
1-2: Ball
2-2: Ground out 5-3 (Groundball, 5S)
Batting: RHB Andrés Lara 0-0: Ball
1-0: Called Strike
1-1: Ball
2-1: Ball
3-1: Ground out 4-3 (Groundball, 4)
Bottom of the 4th over - 0 run(s), 0 hit(s), 0 error(s), 0 left on base; Montgomery 4 - Wichita 3
TOP OF THE 5TH
Montgomery Biscuits batting - Pitching for Wichita Wranglers : LHP Austin Huntington
Batting: LHB John Haney 0-0: Called Strike
0-1: Ball
1-1: Ground out 6-3 (Groundball, 6S)
Batting: SHB Andrew Curran 0-0: Called Strike
0-1: Ball
1-1: Foul Ball, location: 2F
1-2: Ball
2-2: Foul Ball, location: 2F
2-2: Foul Ball, location: 2F
2-2: Ground out 1-3 (Groundball, 13)
Batting: LHB José Flores 0-0: Ball
1-0: Ball
2-0: Ball
3-0: Base on Balls
Batting: RHB Jean-Paul St-Pierre 0-0: Ball
1-0: Ball
2-0: Ground out 1-3 (Groundball, 13)
Top of the 5th over - 0 run(s), 0 hit(s), 0 error(s), 1 left on base; Montgomery 4 - Wichita 3
BOTTOM OF THE 5TH
Wichita Wranglers batting - Pitching for Montgomery Biscuits : RHP Mitch Brown
Batting: RHB Dave Henderson 0-0: Swinging Strike
0-1: Ball
1-1: Ball
2-1: Called Strike
2-2: Strikes out swinging
Batting: SHB Martín Medina 0-0: Ball
1-0: Called Strike
1-1: Ball
2-1: Called Strike
2-2: Ball
3-2: Base on Balls
Batting: RHB António Gonzáles 0-0: Called Strike
0-1: Ball
1-1: Ball
2-1: Ball
3-1: Grounds into double play, 5-4-3 (Groundball, 5L)
Bottom of the 5th over - 0 run(s), 0 hit(s), 0 error(s), 0 left on base; Montgomery 4 - Wichita 3
TOP OF THE 6TH
Montgomery Biscuits batting - Pitching for Wichita Wranglers : LHP Austin Huntington
Pitching: RHP Pedro Martínez
Batting: RHB Dave Dawson 0-0: Called Strike
0-1: Ball
1-1: Ball
2-1: Fly out, F9 (Line Drive, 89M)
Batting: RHB Vicente Carona 0-0: Swinging Strike
0-1: Ball
1-1: Swinging Strike
1-2: Ball
2-2: Foul Ball, location: 2F
2-2: Strikes out swinging
Batting: RHB Larry Mitchell 0-0: Called Strike
0-1: Ground out 6-3 (Groundball, 6)
Top of the 6th over - 0 run(s), 0 hit(s), 0 error(s), 0 left on base; Montgomery 4 - Wichita 3
BOTTOM OF THE 6TH
Wichita Wranglers batting - Pitching for Montgomery Biscuits : RHP Mitch Brown
Batting: RHB Gustavo Díaz 0-0: Called Strike
0-1: Ball
1-1: Fly out, F9 (Flyball, 9D)
Batting: RHB Bob Hall 0-0: Called Strike
0-1: Ball
1-1: Foul Ball, location: 2F
1-2: Strikes out swinging
Batting: RHB George Clark 0-0: Called Strike
0-1: Ball
1-1: Foul Ball, location: 2F
1-2: Foul Ball, location: 2F
1-2: Strikes out looking
Bottom of the 6th over - 0 run(s), 0 hit(s), 0 error(s), 0 left on base; Montgomery 4 - Wichita 3
TOP OF THE 7TH
Montgomery Biscuits batting - Pitching for Wichita Wranglers : RHP Pedro Martínez
Batting: RHB Pete Smith 0-0: Ball
1-0: Called Strike
1-1: Swinging Strike
1-2: Foul Ball, location: 2F
1-2: Foul Ball, location: 2F
1-2: Ball
2-2: SINGLE (Line Drive, 56D)
Pinch Hitting: SHB Terry O'Farrell 0-0: Ball
1-0: Sac Bunt - play at first, batter OUT! 1-4
Pete Smith to second
Batting: LHB John Haney 0-0: Ball
1-0: Ground out 1-3 (Groundball, 23)
Pete Smith to third
Batting: SHB Andrew Curran 0-0: Ball
1-0: Ball
2-0: Called Strike
2-1: Ball
3-1: Base on Balls
Batting: LHB José Flores 0-0: Swinging Strike
0-1: DOUBLE (Line Drive, 9LS)
Pete Smith scores
Andrew Curran to third
Batting: RHB Jean-Paul St-Pierre 0-0: Fly out, F7 (Flyball, 7D)
Top of the 7th over - 1 run(s), 2 hit(s), 0 error(s), 2 left on base; Montgomery 5 - Wichita 3
BOTTOM OF THE 7TH
Wichita Wranglers batting - Pitching for Montgomery Biscuits : RHP Mitch Brown
Pitching: RHP Pedro Valdés
Now at 1B: Terry O'Farrell
Batting: LHB Mario Cornelo 0-0: Ball
1-0: Foul Ball, location: 2F
1-1: Swinging Strike
1-2: Ground out 6-3 (Groundball, 6)
Batting: RHB Felipe Rivas 0-0: Ball
1-0: Fly out, F8 (Flyball, 8LD)
Batting: RHB Andrés Lara 0-0: Ball
1-0: Ball
2-0: Ball
3-0: Called Strike
3-1: Called Strike
3-2: Base on Balls
Batting: RHB Dave Henderson 0-0: Called Strike
0-1: Ball
Andrés Lara steals 2nd base
1-1: Fly out, F6 (Popup, 6)
Bottom of the 7th over - 0 run(s), 0 hit(s), 0 error(s), 1 left on base; Montgomery 5 - Wichita 3
TOP OF THE 8TH
Montgomery Biscuits batting - Pitching for Wichita Wranglers : RHP Pedro Martínez
Pitching: LHP Tommy Campbell
Batting: RHB Dave Dawson 0-0: Called Strike
0-1: Ground out 5-3 (Groundball, 56)
Batting: RHB Vicente Carona 0-0: Foul Ball, location: 2F
0-1: Fly out, F7 (Flyball, 7M)
Batting: RHB Larry Mitchell 0-0: Ball
1-0: Fly out, F8 (Flyball, 89M)
Top of the 8th over - 0 run(s), 0 hit(s), 0 error(s), 0 left on base; Montgomery 5 - Wichita 3
BOTTOM OF THE 8TH
Wichita Wranglers batting - Pitching for Montgomery Biscuits : RHP Pedro Valdés
Now at SS: Dave Williams
Batting: SHB Martín Medina 0-0: Ball
1-0: Foul Ball, location: 2F
1-1: SINGLE (Groundball, 5D)
Batting: RHB António Gonzáles 0-0: Ball
1-0: Ball
2-0: Ball
3-0: Base on Balls
Martín Medina to second
Batting: RHB Gustavo Díaz 0-0: Ball
Martín Medina steals 3rd base
António Gonzáles to second
1-0: SINGLE (Groundball, 34D)
Martín Medina scores
António Gonzáles to third
Batting: RHB Bob Hall 0-0: Ball
1-0: Foul Ball, location: 2F
1-1: Fielders Choice at 2nd, 1-6 (Groundball, 25)
Pinch Hitting: RHB Cho-yun Qiao 0-0: Swinging Strike
0-1: Swinging Strike
0-2: Strikes out swinging
Pitching: LHP Gonzalo Martínez
Pinch Hitting: RHB Anthony Rucker 0-0: Foul Ball, location: 2F
0-1: Fly out, F8 (Flyball, 8RM)
Bottom of the 8th over - 1 run(s), 2 hit(s), 0 error(s), 2 left on base; Montgomery 5 - Wichita 4
TOP OF THE 9TH
Montgomery Biscuits batting - Pitching for Wichita Wranglers : LHP Tommy Campbell
Pitching: RHP Clark Edwards
Now at SS: Felipe Lópes
Now in LF: Anthony Rucker
Batting: RHB Pete Smith 0-0: Called Strike
0-1: Swinging Strike
0-2: Strikes out swinging, 2-3 out at first.
Batting: SHB Terry O'Farrell 0-0: Fly out, F6 (Popup, 6MD)
Batting: LHB John Haney 0-0: Ball
1-0: Fly out, F7 (Flyball, 7M)
Top of the 9th over - 0 run(s), 0 hit(s), 0 error(s), 0 left on base; Montgomery 5 - Wichita 4
BOTTOM OF THE 9TH
Wichita Wranglers batting - Pitching for Montgomery Biscuits : LHP Gonzalo Martínez
Pitching: LHP Steve Billington
Batting: RHB Felipe Rivas 0-0: Foul Ball, location: 2F
0-1: Ball
1-1: Ball
2-1: Ball
3-1: Base on Balls
Batting: RHB Andrés Lara 0-0: Ball
1-0: Bunted foul
1-1: Bunted foul
1-2: Fielders Choice at 2nd, 6-4 (Groundball, 6)
Pinch Hitting: RHB Javier Coronado 0-0: Foul Ball, location: 2F
0-1: Ball
1-1: Ball
2-1: Ball
3-1: Base on Balls
Andrés Lara to second
Batting: SHB Martín Medina 0-0: Called Strike
0-1: Ball
1-1: Foul Ball, location: 2F
1-2: Ball
2-2: Foul Ball, location: 2F
2-2: Strikes out swinging
Batting: RHB António Gonzáles 0-0: DOUBLE (Line Drive, 78M)
Andrés Lara scores
Javier Coronado to third
Runner from 3rd tries for Home, SAFE, no throw or cutoff
This league is powered by Out of the Park Baseball, the baseball management simulation game for PC, Mac and Linux
Wednesday, December 2nd, 2015 - OOTP Baseball 16.8 Build 38